 Dungeon Crawl Stone Soup version 0.18-b1-2-gd0c887e (webtiles) character file.

54667 Mefis the Thaumaturge (level 14, -14/68 HPs)
             Began as a Deep Elf Wizard on Apr 28, 2016.
             Was a High Priest of Sif Muna.
             Demolished by Rupert
             ... wielding a +5 great sword of slicing
              (19 damage)
             ... on level 8 of the Lair of Beasts.
             The game lasted 05:12:50 (34794 turns).

Mefis the Thaumaturge (Deep Elf Wizard)            Turns: 34794, Time: 05:12:50

Health: -14/68     AC: 13    Str:  4    XL:     14   Next: 35%
Magic:  22/39      EV: 12    Int: 29    God:    Sif Muna [*****.]
Gold:   829        SH:  0    Dex: 13    Spells: 10 memorised, 1 level left

rFire  . . .     SeeInvis .     Q - +2 shortbow (freeze)
rCold  + . .     Gourm    .     a - +1 robe {rC+}
rNeg   . . .     Faith    .     (shield currently unavailable)
rPois  +         Spirit   .     j - +0 helmet
rElec  .         Dismiss  .     S - +2 cloak {MR+}
rCorr  .         Reflect  .     i - +2 pair of gloves
SustAt .         Harm     .     y - +2 pair of boots
MR     ++...                    s - amulet of regeneration
Stlth  ++++......               q - ring of magical power
                                Z - ring of poison resistance

@: repel missiles, very resistant to hostile enchantments, stealthy
A: no striking features
a: Channel Energy, Forget Spell, Renounce Religion


You were on level 8 of the Lair of Beasts.
You worshipped Sif Muna.
Sif Muna was extremely pleased with you.
You were not hungry.

You visited 4 branches of the dungeon, and saw 22 of its levels.

You collected 1229 gold pieces.
You spent 400 gold pieces at shops.

Inventory:

Hand Weapons
 Q - a +2 shortbow of freezing (weapon)
Missiles
 o - 21 poisoned needles
 K - a throwing net (quivered)
Armour
 a - a +1 robe of cold resistance (worn)
 i - a +2 pair of gloves (worn)
 j - a +0 helmet (worn)
 v - a +1 robe of positive energy
 y - a +2 pair of boots (worn)
 S - a +2 cloak of magic resistance (worn)
Magical Staves
 c - an uncursed staff of cold
Jewellery
 q - a ring of magical power (right hand)
 s - an amulet of regeneration (around neck)
 P - an uncursed ring of flight
 W - an uncursed ring of wizardry
 Z - a ring of poison resistance (left hand)
Wands
 f - a wand of iceblast (8/15)
 m - a wand of acid (4/15)
 t - a wand of iceblast (7/15)
 J - a wand of iceblast (6/15)
 R - a wand of iceblast (1/15)
 T - a wand of polymorph (23/24)
Scrolls
 b - a scroll of summoning
 e - 6 scrolls of remove curse
 h - 2 scrolls of magic mapping
 p - 2 scrolls of vulnerability {unknown}
 u - a scroll of identify
Potions
 g - 7 potions of curing
 l - a potion of might
 n - 2 potions of agility
 x - a potion of cancellation {unknown}
 A - a potion of haste {unknown}
 D - a potion of beneficial mutation {unknown}
 F - a potion of invisibility {unknown}
 G - 3 potions of brilliance
 H - a potion of ambrosia {unknown}
 U - 2 potions of resistance
 V - a potion of lignification
Books
 k - Sif Muna's Grimoire of Hurtful Calling
   (Sif Muna gifted it to you on level 5 of the Lair of Beasts)

   Spells                             Type                      Level
   a - Throw Icicle                   Conjuration/Ice              4
   b - Sticky Flame                   Conjuration/Fire             4
   c - Fireball                       Conjuration/Fire             5
   d - Orb of Destruction             Conjuration                  7
   e - Monstrous Menagerie            Summoning                    7
 r - a book of the Earth

   Spells                             Type                      Level
   a - Leda's Liquefaction            Hexes/Earth                  4
   b - Bolt of Magma                  Conjuration/Fire/Earth       5
   c - Statue Form                    Transmutation/Earth          6
   d - Iron Shot                      Conjuration/Earth            6
   e - Shatter                        Earth                        9
 I - a book of the Sky

   Spells                             Type                      Level
   a - Summon Lightning Spire         Summoning/Air                4
   b - Airstrike                      Air                          4
   c - Silence                        Hexes/Air                    5
   d - Deflect Missiles               Charms/Air                   6
   e - Conjure Ball Lightning         Conjuration/Air              6
   f - Tornado                        Air                          9
 L - Easy Magic
   (You bought it in a shop on level 10 of the Dungeon)

   Spells                             Type                      Level
   a - Ozocubu's Armour               Charms/Ice                   3
   b - Stone Arrow                    Conjuration/Earth            3
   c - Summon Guardian Golem          Hexes/Summoning              3
   d - Vampiric Draining              Necromancy                   3
   e - Call Canine Familiar           Summoning                    3
 X - Gisyack's Tome of Sinister Summoning
   (Sif Muna gifted it to you on level 7 of the Lair of Beasts)

   Spells                             Type                      Level
   a - Summon Butterflies             Summoning                    1
   b - Summon Ice Beast               Ice/Summoning                4
   c - Aura of Abjuration             Summoning                    5
   d - Summon Demon                   Summoning                    5
   e - Spellforged Servitor           Conjuration/Summoning        7
   f - Death's Door                   Charms/Necromancy            8
 Y - a book of Unlife

   Spells                             Type                      Level
   a - Recall                         Summoning/Translocation      3
   b - Animate Dead                   Necromancy                   4
   c - Control Undead                 Necromancy                   4
   d - Cigotuvi's Embrace             Necromancy                   5
   e - Death Channel                  Necromancy                   6
   f - Simulacrum                     Ice/Necromancy               6
Miscellaneous
 C - a phial of floods
 M - a fan of gales
Comestibles
 d - 3 bread rations
 w - 3 meat rations
 z - 2 slices of pizza
 B - 2 royal jellies
 E - a beef jerky
 N - 12 fruits


   Skills:
 - Level 5.2 Bows
 - Level 1.8 Throwing
 + Level 9.8 Dodging
 + Level 9.8 Stealth
 + Level 10.9 Spellcasting
 * Level 8.8 Conjurations
 + Level 9.1 Hexes
 + Level 10.1 Charms
 - Level 6.9 Summonings
 + Level 6.8 Necromancy
 - Level 5.7 Translocations
 + Level 7.4 Fire Magic
 + Level 7.4 Ice Magic
 - Level 5.6 Earth Magic
 - Level 6.7 Poison Magic
 + Level 6.9 Invocations


You had one spell level left.
You knew the following spells:

 Your Spells              Type           Power        Failure   Level  Hunger
a - Stone Arrow           Conj/Erth      ######       1%          3    None
b - Summon Lightning Spi  Summ/Air       #####...     10%         4    None
c - Blink                 Tloc           N/A          1%          2    None
d - Fireball              Conj/Fire      ######....   4%          5    ###....
e - Mephitic Cloud        Conj/Pois/Air  #####...     1%          3    None
g - Slow                  Hex            ######..     1%          2    None
h - Animate Dead          Necr           N/A          1%          4    None
o - Repel Missiles        Chrm/Air       #####.       1%          2    None
p - Ozocubu's Armour      Chrm/Ice       ######..     1%          3    None
s - Bolt of Magma         Conj/Fire/Erth ######....   6%          5    ###....


Dungeon Overview and Level Annotations

Branches:
Dungeon (11/15)            Temple (1/1) D:5            Lair (8/8) D:10
 Shoals (2/4) Lair:6       Spider (0/4) Lair:3        Slime (0/6) Lair:6
    Orc: D:9-12

Altars:
Ashenzari
Cheibriados
Dithmenos
Elyvilon
Fedhas
Gozag
Kikubaaqudgha
Makhleb
Nemelex Xobeh
Okawaru
Pakellas
Qazlal
Ru
Sif Muna
Trog
Vehumet
Xom
Yredelemnul
Zin
The Shining One
Jiyva

Shops:
D:10 :

Annotations:
D:11 Urug; barb4r1an's ghost, journeyman MiBe
Lair:6 1 runed door - slime pits
Lair:8 Rupert


Message History

Confirm with . or Enter, or press ? or * to list all spells.
Aiming: Summon Lightning Spire
Press: ? - help, Dir - move target cursor, p - Rupert You miscast Summon Lightning Spire.
Sif Muna protects you from the effects of your miscast!
Rupert roars madly and goes into a rage!
Rupert goes berserk!
The komodo dragon is engulfed in noxious fumes.
Casting: Summon Lightning Spire
Confirm with . or Enter, or press ? or * to list all spells.
You blink.
Found a dagger.
Rupert hits you with a great sword of slicing!!
There is a stone staircase leading up, spattered with blood here.
The komodo dragon seems less confused.
Rupert hits you with a great sword of slicing.
The komodo dragon bites you!!
* * * LOW HITPOINT WARNING * * *
Rupert hits you with a great sword of slicing!!
You die...

...........♣♣
............♣♣♣
.............)
............♣♣
.............♣
............♣
(......(....♣♣♣♣
........@§.....♣
..(....l@.....♣♣
#P.....(.....♣♣
PPP.(.........♣
.PP.P..(....♣♣♣
.....P.(......♣
.#PP.(.....♣♣♣
######.....♣♣♣
#(......♣
##.#...♣.♣


You could see Rupert (berserk) and a komodo dragon.

Vanquished Creatures
  Kirke (Lair:7)
  A merfolk impaler (Shoals:1)
  Fannar (Lair:3)
  8 hydras
  4 death yaks (Lair:7)
  Sonja (Lair:2)
  An oklob plant (Lair:4)
  2 fauns (Shoals:2)
  2 griffons
  Maurice (D:8)
  2 manticores (Shoals:1)
  9 black mambas
  4 elephants (Lair:7)
  3 sirens
  12 spiny frogs
  4 rime drakes
  7 komodo dragons
  The ghost of SkaryMonk the Covert, a novice OpAs of Gozag (D:5)
  4 harpy zombies (Shoals:1)
  5 merfolk
  A troll (D:10)
  2 boulder beetles
  A polar bear (Lair:8)
  Prince Ribbit (D:5)
  A two-headed ogre (D:8)
  11 blink frogs
  2 snapping turtles (Shoals:1)
  A water elemental (Shoals:1)
  A spriggan (D:7)
  2 hogs (Lair:8)
  39 yaks
  9 hippogriffs
  3 basilisks
  Grum (D:8)
  2 steam dragons (D:5)
  A hungry ghost (D:10)
  12 water moccasins
  9 porcupines
  2 black bears
  2 hell hounds (Lair:3)
  A wasp (D:9)
  A sky beast (D:8)
  6 orc warriors
  6 ogres
  2 phantoms
  2 ice beasts
  7 wolves
  4 centaurs
  15 crocodiles
  4 big kobolds
  23 giant frogs
  A wyvern skeleton (D:9)
  6 scorpions
  2 hippogriff zombies (Shoals:1)
  5 wights (D:10)
  3 electric eels (Lair:2)
  6 howler monkeys
  2 crimson imps (D:5)
  5 hounds
  A giant frog skeleton (D:5)
  5 jellies
  10 orc wizards
  8 orc priests
  Jessica (D:3)
  13 iguanas
  9 worker ants
  35 sheep
  2 hound zombies
  2 hound skeletons
  A worker ant zombie (D:6)
  10 gnolls
  38 river rats
  7 adders
  2 shadow imps
  12 white imps (Lair:5)
  An adder skeleton (D:8)
  2 worms
  2 dart slugs (D:1)
  3 giant geckos
  46 orcs
  17 bats
  8 giant cockroaches
  7 goblins
  6 hobgoblins
  13 jackals
  8 quokkas
  A ball python zombie (D:6)
  5 giant newts
  33 kobolds
  A quokka skeleton (D:5)
  13 rats
  A bush (Lair:4)
  A butterfly (Lair:7)
  2 plants
603 creatures vanquished.

Vanquished Creatures (collateral kills)
  A hydra (Lair:6)
  2 oklob plants (Lair:4)
  A siren (Lair:6)
  2 elephants (Lair:7)
  2 spiny frogs (Lair:2)
  A gargoyle (D:10)
  2 komodo dragons
  The ghost of juanjsm the Sneak, a novice SpVM (D:6)
  3 blink frogs (Lair:8)
  5 yaks
  4 hogs (Lair:8)
  2 basilisks
  4 water moccasins
  3 porcupines
  3 wolves
  A necrophage (D:9)
  2 crocodiles
  A crimson imp (D:4)
  An orc wizard (D:4)
  3 worker ants
  6 sheep
  2 gnolls
  18 river rats
  3 worms
  A hobgoblin (D:2)
  4 jackals
  A butterfly (Lair:7)
  A fungus (Lair:8)
  A plant (Lair:4)
81 creatures vanquished.

Vanquished Creatures (others)
  An orc (D:6)
  A bush (Lair:7)
  85 fungi
  16 plants
103 creatures vanquished.

Grand Total: 787 creatures vanquished

Notes
Turn   | Place    | Note
--------------------------------------------------------------
     0 | D:1      | Mefis the Deep Elf Wizard began the quest for the Orb.
     0 | D:1      | Reached XP level 1. HP: 10/10 MP: 7/7
   295 | D:1      | Reached skill level 5 in Spellcasting
   295 | D:1      | Reached XP level 2. HP: 15/15 MP: 3/10
   299 | D:1      | Learned a level 2 spell: Call Imp
   302 | D:1      | Learned a level 2 spell: Blink
   305 | D:1      | Learned a level 2 spell: Repel Missiles
  1347 | D:2      | Reached XP level 3. HP: 19/19 MP: 9/11
  1352 | D:2      | Learned a level 3 spell: Mephitic Cloud
  1976 | D:2      | Reached XP level 4. HP: 24/24 MP: 11/13
  1981 | D:2      | Learned a level 3 spell: Conjure Flame
  2569 | D:3      | Found a shattered altar of Ashenzari.
  2591 | D:3      | Noticed Jessica
  2601 | D:3      | Killed Jessica
  2601 | D:3      | Reached skill level 1 in Charms
  3165 | D:3      | Reached skill level 1 in Poison Magic
  3249 | D:3      | Reached XP level 5. HP: 28/28 MP: 9/15
  3889 | D:4      | Learned a level 2 spell: Slow
  4418 | D:4      | Found a shadowy altar of Dithmenos.
  4483 | D:4      | Reached XP level 6. HP: 32/32 MP: 17/17
  5206 | D:5      | Entered Level 5 of the Dungeon
  5281 | D:5      | Reached XP level 7. HP: 36/36 MP: 12/18
  5511 | D:5      | Found a staircase to the Ecumenical Temple.
  5520 | Temple   | Entered the Ecumenical Temple
  5524 | Temple   | Became a worshipper of Sif Muna the Loreminder
  5615 | D:5      | Noticed SkaryMonk's ghost (novice OpAs)
  5642 | D:5      | Killed SkaryMonk's ghost
  5642 | D:5      | Reached skill level 1 in Hexes
  5642 | D:5      | Reached skill level 1 in Fire Magic
  5770 | D:5      | Noticed a steam dragon
  5773 | D:5      | Noticed a steam dragon
  5782 | D:5      | Killed a steam dragon
  5789 | D:5      | Killed a steam dragon
  5789 | D:5      | Reached * piety under Sif Muna
  5789 | D:5      | Reached XP level 8. HP: 41/41 MP: 10/20
  5828 | D:5      | Found a snail-covered altar of Cheibriados.
  5899 | D:5      | Noticed Prince Ribbit
  5917 | D:5      | Killed Prince Ribbit
  6457 | D:6      | Reached skill level 5 in Stealth
  6739 | D:6      | Noticed juanjsm's ghost (novice SpVM)
  6762 | D:6      | Killed juanjsm's ghost
  6762 | D:6      | Reached skill level 5 in Dodging
  6993 | D:6      | Reached ** piety under Sif Muna
  7045 | D:6      | Reached skill level 1 in Invocations
  7268 | D:6      | Reached XP level 9. HP: 40/45 MP: 3/21
  7983 | D:6      | Reached skill level 1 in Bows
  8070 | D:6      | Reached skill level 5 in Charms
  9802 | D:7      | Reached *** piety under Sif Muna
  9909 | D:8      | Noticed Maurice
  9934 | D:8      | Killed Maurice
 10102 | D:8      | Reached skill level 5 in Conjurations
 10392 | D:8      | Got a scorched double sword
 10393 | D:8      | Identified the cursed +0 double sword "Zozed" {slice, +Blink +Fly rF+} (You found it on level 8 of the Dungeon)
 10410 | D:8      | Reached XP level 10. HP: 50/50 MP: 23/23
 10427 | D:8      | Reached skill level 5 in Hexes
 10428 | D:8      | Noticed Grum
 10623 | D:8      | Killed Grum
 10625 | D:8      | Reached skill level 5 in Summonings
 10740 | D:8      | Found a bloodstained altar of Trog.
 10743 | D:8      | Reached skill level 5 in Translocations
 10853 | D:8      | Found an ancient bone altar of Kikubaaqudgha.
 10862 | D:8      | Found a basalt altar of Yredelemnul.
 10862 | D:8      | Found a stormy altar of Qazlal.
 11028 | D:8      | Found a sacrificial altar of Ru.
 11029 | D:8      | Found a glowing golden altar of the Shining One.
 11852 | D:9      | Reached **** piety under Sif Muna
 11985 | D:9      | Reached skill level 5 in Poison Magic
 12551 | D:9      | Learned a level 4 spell: Animate Dead
 12985 | D:9      | Reached skill level 1 in Throwing
 13254 | D:10     | Entered Level 10 of the Dungeon
 13432 | D:10     | Found Diudek's Book Boutique.
 13467 | D:10     | Reached skill level 1 in Necromancy
 13663 | D:10     | Noticed a gargoyle
 13686 | D:10     | Killed a gargoyle
 13938 | D:10     | Reached ***** piety under Sif Muna
 14099 | D:10     | Found a staircase to the Lair.
 14229 | D:10     | Got a smoking leather armour
 14240 | D:10     | Identified the +1 leather armour of Gorph {rElec Dex+4} (You found it on level 10 of the Dungeon)
 14256 | D:10     | Learned a level 5 spell: Cigotuvi's Embrace
 14307 | D:10     | Reached XP level 11. HP: 46/54 MP: 8/25
 15234 | D:10     | Bought Easy Magic for 400 gold pieces
 15240 | D:10     | Learned a level 3 spell: Ozocubu's Armour
 15558 | D:10     | Learned a level 3 spell: Stone Arrow
 16021 | Lair:1   | Entered Level 1 of the Lair of Beasts
 16231 | D:11     | Noticed Urug
 16378 | D:11     | Noticed barb4r1an's ghost (journeyman MiBe)
 16630 | Lair:1   | Reached skill level 1 in Ice Magic
 17203 | Lair:1   | Reached skill level 1 in Earth Magic
 19225 | Lair:2   | Noticed Sonja
 19239 | Lair:2   | Killed Sonja
 19253 | Lair:2   | Reached ****** piety under Sif Muna
 19320 | Lair:2   | Reached XP level 12. HP: 59/59 MP: 2/27
 20157 | Lair:3   | Received a gift from Sif Muna
 20168 | Lair:3   | Identified Myuty's Papyrus of the Displaced Oath (Sif Muna gifted it to you on level 3 of the Lair of Beasts)
 20295 | Lair:1   | Learned a level 5 spell: Bolt of Magma
 20300 | Lair:1   | Learned a level 3 spell: Ozocubu's Armour
 20541 | Lair:3   | Noticed a six-headed hydra
 20592 | Lair:3   | Killed a six-headed hydra
 20781 | Lair:3   | Noticed Fannar
 21070 | Lair:3   | Killed Fannar
 21497 | Lair:3   | Found a hole to the Spider Nest.
 21748 | Lair:3   | Noticed a five-headed hydra
 21757 | Lair:3   | Killed a five-headed hydra
 22669 | Lair:4   | Found a labyrinth entrance.
 23333 | Lair:4   | Reached skill level 5 in Ice Magic
 24061 | Lair:4   | Reached skill level 5 in Invocations
 24436 | Lair:4   | Reached skill level 10 in Charms
 25066 | Lair:5   | Received a gift from Sif Muna
 25086 | Lair:5   | Reached skill level 5 in Bows
 25330 | Lair:5   | Identified Sif Muna's Grimoire of Hurtful Calling (Sif Muna gifted it to you on level 5 of the Lair of Beasts)
 25501 | Lair:5   | Reached XP level 13. HP: 23/63 MP: 9/28
 25508 | Lair:5   | HP: 3/63 [yak (9)]
 26574 | Lair:6   | Found a runed door.
 26574 | Lair:6   | Found a viscous altar of Jiyva.
 26574 | Lair:6   | Found a staircase to the Slime Pits.
 26574 | Lair:6   | Noticed an acid blob
 26644 | Lair:6   | Reached skill level 5 in Earth Magic
 26961 | Lair:6   | Found a staircase to the Shoals.
 27727 | Shoals:1 | Entered Level 1 of the Shoals
 27886 | Lair:1   | Learned a level 5 spell: Fireball
 27892 | Lair:1   | Learned a level 4 spell: Sticky Flame
 28094 | Shoals:1 | Reached skill level 5 in Necromancy
 28259 | Shoals:1 | Reached skill level 5 in Fire Magic
 28388 | Shoals:1 | Learned a level 4 spell: Control Undead
 28866 | Shoals:1 | Noticed a merfolk impaler
 28877 | Shoals:1 | Killed a merfolk impaler
 28877 | Shoals:1 | Reached skill level 10 in Spellcasting
 32776 | Lair:8   | Entered Level 8 of the Lair of Beasts
 32784 | Lair:8   | Reached XP level 14. HP: 68/68 MP: 4/30
 32971 | Lair:8   | Noticed Kirke
 33023 | Lair:7   | Noticed a sphinx
 33178 | Lair:7   | Killed Kirke
 33348 | Lair:8   | Learned a level 4 spell: Summon Lightning Spire
 34135 | Lair:7   | Received a gift from Sif Muna
 34138 | Lair:7   | Identified Gisyack's Tome of Sinister Summoning (Sif Muna gifted it to you on level 7 of the Lair of Beasts)
 34388 | Lair:8   | Noticed Rupert
 34721 | Lair:7   | Learned a level 3 spell: Stone Arrow
 34781 | Lair:8   | Paralysed by Rupert for 4 turns
 34794 | Lair:8   | Demolished by Rupert

Skill      XL: |  1  2  3  4  5  6  7  8  9 10 11 12 13 14 |
---------------+-------------------------------------------+-----
Spellcasting   | 5 6 7 8 9 10 | 10.9
Stealth        | 3 4 5 6 7 8 9 |  9.8
Charms         | 1 2 3 4 6 7 8 10 | 10.1
Poison Magic   | 1 2 3 4 5 6 |  6.7
Conjurations   | 2 3 4 5 6 7 8 |  8.8
Dodging        | 3 4 5 6 7 8 9 |  9.8
Summonings     | 2 3 4 5 6 |  6.9
Translocations | 2 3 4 5 |  5.7
Hexes          | 1 3 4 6 7 8 9 |  9.1
Fire Magic     | 1 2 3 4 7 |  7.4
Invocations    | 1 2 3 4 5 6 |  6.9
Bows           | 2 4 5 |  5.2
Throwing       | 1 |  1.8
Necromancy     | 1 3 4 6 |  6.8
Ice Magic      | 3 5 7 |  7.4
Earth Magic    | 2 4 5 |  5.6

Action                   |  1- 3 |  4- 6 |  7- 9 | 10-12 | 13-15 || total
-------------------------+-------+-------+-------+-------+-------++-------
Melee: Unarmed           |       |     2 |       |       |       ||     2
 Fire: Shortbow          |       |       |    19 |   203 |   379 ||   601
       Blowgun           |       |       |       |    32 |       ||    32
 Cast: Magic Dart        |    96 |   186 |   436 |   622 |       ||  1340
       Call Imp          |     9 |    11 |     9 |    39 |       ||    68
       Repel Missiles    |     1 |     1 |     1 |     6 |     1 ||    10
       Mephitic Cloud    |     3 |     9 |    30 |    77 |    55 ||   174
       Blink             |       |     1 |     6 |     9 |    16 ||    32
       Conjure Flame     |       |       |     3 |    27 |       ||    30
       Slow              |       |       |     1 |    13 |    17 ||    31
       Animate Dead      |       |       |       |    32 |    20 ||    52
       Stone Arrow       |       |       |       |   149 |    11 ||   160
       Ozocubu's Armour  |       |       |       |    27 |    10 ||    37
       Cigotuvi's Embrac |       |       |       |     3 |       ||     3
       Bolt of Magma     |       |       |       |   110 |   214 ||   324
       Fireball          |       |       |       |       |    27 ||    27
       Sticky Flame      |       |       |       |       |     2 ||     2
Invok: Channel Energy    |       |       |       |    59 |    46 ||   105
       Forget Spell      |       |       |       |     3 |     4 ||     7
 Abil: Evoke Flight      |       |       |       |       |     2 ||     2
  Use: Scroll            |       |     1 |     7 |    21 |    11 ||    40
       Potion            |       |       |     1 |     5 |     2 ||     8
  Eat: Chunk             |     3 |     6 |    13 |    28 |    44 ||    94
       Bread ration      |       |     1 |     1 |     8 |     3 ||    13
       Fruit             |       |       |       |     3 |     4 ||     7
       Beef jerky        |       |       |       |     1 |     1 ||     2
       Pizza             |       |       |       |       |     2 ||     2
Armor: Robe              |     4 |    26 |    33 |    61 |    57 ||   181
Dodge: Dodged            |    13 |    40 |    84 |   243 |   186 ||   566
       Deflected         |     1 |     1 |     1 |    14 |     7 ||    24
